 Dungeon Crawl Stone Soup version 0.26.1-11-gd32895ea62 (webtiles) character file.

Game seed: 15073483978002174875

15697 ubername the Frost Mage (level 12, -1/86 HPs)
             Began as a Barachi Ice Elementalist on July 20, 2021.
             Was an Elder of Vehumet.
             Slain by a skeletal warrior
             ... wielding a +2 vorpal battleaxe
              (24 damage)
             ... on level 12 of the Dungeon.
             The game lasted 00:58:03 (17002 turns).

ubername the Frost Mage (Barachi Ice Elementalist) Turns: 17002, Time: 00:58:03

Health: -1/86      AC: 16    Str: 14    XL:     12   Next: 29%
Magic:  0/26       EV: 19    Int: 20    God:    Vehumet [****..]
Gold:   615        SH:  5    Dex: 13    Spells: 14/32 levels left

rFire    . . .     SeeInvis .   a - +2 scimitar (elec)
rCold    . . .     Faith    .   (no shield)
rNeg     . . .     Spirit   .   P - +1 robe of Cecrecs {Str+4}
rPois    .         Reflect  +   (no helmet)
rElec    .         Harm     .   t - +1 cloak
rCorr    .         Rampage  .   K - +0 pair of gloves
Will     +....                  r - +0 pair of boots
Stlth    ++........             G - amulet of reflection
HPRegen  0.24/turn              y - +4 ring of evasion
MPRegen  0.20/turn              D - ring of willpower

@: icy armour, can't hop, frozen ramparts, very slightly contaminated, slow
A: +LOS, swims, slowness 1, strong legs 1
a: Hop, Renounce Religion


You were on level 12 of the Dungeon.
You worshipped Vehumet.
Vehumet was greatly pleased with you.
You visited 3 branches of the dungeon, and saw 15 of its levels.

You collected 739 gold pieces.
You spent 124 gold pieces at shops.

Inventory:

Hand Weapons
 a - a +2 scimitar of electrocution (weapon)
 d - a +0 falchion of holy wrath
 x - a +1 falchion of holy wrath
 C - a +4 dagger of chaos
 H - a +0 spectral great sword
 I - a +0 hunting sling of flaming
 Q - a +0 dagger of venom
 S - a +2 dagger of flaming
Missiles
 c - 251 stones
 g - 14 poisoned darts (quivered)
 z - 9 sling bullets
 O - 5 silver boomerangs
Armour
 r - a +0 pair of boots (worn)
 t - a +1 cloak (worn)
 J - a +1 robe of positive energy
 K - a +0 pair of gloves (worn)
 L - a scarf of shadows
 P - the +1 robe of Cecrecs (worn) {Str+4}
   (You found it on level 11 of the Dungeon)

   It affects your strength (+4).
Jewellery
 h - a +4 ring of evasion
 s - an uncursed ring of ice
 y - a +4 ring of evasion (left hand)
 D - a ring of willpower (right hand)
 E - an uncursed amulet of the acrobat
 F - an uncursed amulet of regeneration
 G - an amulet of reflection (around neck)
Wands
 b - a wand of flame (12)
 p - a wand of random effects (45)
 q - a wand of enslavement (6)
 v - a wand of iceblast (16)
 M - a wand of polymorph (20)
Scrolls
 f - a scroll of amnesia
 i - 5 scrolls of teleportation
 j - a scroll of blinking
 m - 2 scrolls of remove curse
 o - a scroll of torment
 w - a scroll of brand weapon
 B - 2 scrolls of enchant armour
 R - 2 scrolls of identify
 T - a scroll of fog
Potions
 e - a potion of invisibility
 k - 2 potions of mutation
 l - 2 potions of might
 n - a potion of flight
 u - 2 potions of curing
 A - a potion of attraction
 N - 2 potions of lignification
 U - a potion of magic {unknown}


   Skills:
 + Level 5.1 Fighting
 + Level 3.1(5.3) Short Blades
 + Level 7.4(7.8) Long Blades
 + Level 4.9(5.7) Slings
 + Level 4.4(5.4) Throwing
 + Level 5.3 Dodging
 + Level 3.6 Stealth
 + Level 3.5 Shields
 + Level 10.5 Spellcasting
 + Level 1.3 Conjurations
 + Level 13.1 Ice Magic
 * Level 2.3 Earth Magic
 + Level 1.8 Evocations


You had 14 spell levels left.
You knew the following spells:

 Your Spells              Type           Power        Failure   Level
a - Freeze                Ice            100%         1%          1
b - Frozen Ramparts       Ice            100%         1%          3
c - Ozocubu's Armour      Ice            58%          1%          3
d - Hailstorm             Conj/Ice       39%          1%          4
e - Stone Arrow           Conj/Erth      34%          2%          3
f - Sticky Flame          Conj/Fire      13%          13%         4

Your spell library contained the following spells:

 Spells                   Type           Power        Failure   Level
 Summon Ice Beast         Ice/Summ       36%          4%          4


Dungeon Overview and Level Annotations

Branches:
Dungeon (13/15)            Temple (1/1) D:6            Lair (0/6) D:11
    Orc (1/2) D:9
 Vaults: D:13-14

Altars:
Cheibriados
Dithmenos
Elyvilon
Fedhas
Gozag
Hepliaklqana
Kikubaaqudgha
Makhleb
Nemelex Xobeh
Okawaru
Qazlal
Ru
Sif Muna
Trog
Uskayaw
Vehumet
Wu Jian
Xom
Yredelemnul
Zin
The Shining One
Beogh

Shops:
D:8 *([[}

Portals:
Trove: D:11 (give 10 potions of heal wounds)

Annotations:
D:9 3 runed translucent doors, Eryximachus's ghost, amateur DsWz


Innate Abilities, Weirdness & Mutations

You can be seen from farther away. (+LOS)
You can swim through water.
You cover ground slowly.
You can hop short distances.


Message History

Confirm with . or Enter, or press ? or * to list all spells.
Aiming: Stone Arrow (mildly dangerous; 2% risk of failure)
Press: ? - help, Shift-Dir - straight line, f/p - skeletal warrior
Aim: a skeletal warrior, wielding a +2 vorpal battleaxe (severely damaged, 32% to evade)
The stone arrow hits the skeletal warrior but does no damage.
The skeletal warrior is severely damaged.
The skeletal warrior completely resists.
The wall freezes the skeletal warrior but does no damage.
The skeletal warrior hits you with a +2 vorpal battleaxe!!
* * * LOW HITPOINT WARNING * * *
Casting: Stone Arrow (mildly dangerous; 2% risk of failure)
Confirm with . or Enter, or press ? or * to list all spells.
Aiming: Stone Arrow (mildly dangerous; 2% risk of failure)
Press: ? - help, Shift-Dir - straight line, f/p - skeletal warrior
Aim: a skeletal warrior, wielding a +2 vorpal battleaxe (severely damaged, 32% to evade)
The stone arrow hits the skeletal warrior!
The skeletal warrior is severely damaged.
The skeletal warrior resists.
The wall freezes the skeletal warrior.
The skeletal warrior hits you with a +2 vorpal battleaxe!!
You die...

#################################
.............................((..
.>.......####################[.##
.........# #.(# .........# #..##
.........####################.)..
...........^...z@.....>.........[
#########...####################.
#...# #. #...# #. #########...#
#.
............####################.
.................................
################..###############
#..#


You could see a skeletal warrior.

Vanquished Creatures
  A two-headed ogre (D:11)
  A centaur warrior (D:12)
  Nergalle (D:10)
  2 unseen horrors
  2 ugly things (D:11)
  Psyche (D:9)
  2 centaur skeletons
  2 trolls
  4 slime creatures (D:12)
  2 wraiths
  A shadow (D:11)
  A wyvern (D:8)
  16 yaks
  Eustachio (D:4)
  A basilisk (D:12)
  4 vampire mosquitoes (D:12)
  2 wargs (D:11)
  A soldier ant (D:11)
  A water moccasin (D:10)
  5 sky beasts
  4 black bears
  6 orc warriors (D:11)
  An ice beast (D:9)
  4 ogres
  14 centaurs
  8 bullfrogs
  4 big kobolds
  3 scorpions
  7 killer bees
  5 wights (D:8)
  A howler monkey (D:6)
  A quasit (D:9)
  A bullfrog zombie (D:11)
  3 jellies
  4 orc priests
  4 hounds
  A bullfrog skeleton (D:7)
  4 iguanas
  11 orc wizards
  9 worker ants
  A hound zombie (D:8)
  2 hound skeletons
  A worker ant zombie (D:8)
  19 adders
  7 gnolls
  A howler monkey skeleton (D:6)
  2 shadow imps
  2 ufetubi
  An ooze (D:2)
  2 adder zombies
  An adder skeleton (D:6)
  4 dart slugs
  3 leopard geckos
  30 orcs
  7 giant cockroaches
  5 goblins
  8 hobgoblins
  17 jackals
  6 quokkas
  8 bats
  4 frilled lizards
  A jackal skeleton (D:4)
  21 kobolds
  A quokka skeleton (D:9)
  6 rats
306 creatures vanquished.

Vanquished Creatures (others)
  2 plants (D:11)
  A withered plant (D:3)
3 creatures vanquished.

Grand Total: 309 creatures vanquished

Notes
Turn   | Place    | Note
-------+----------+-------------------------------------------
     0 | D:1      | ubername the Barachi Ice Elementalist began the quest for
                  | the Orb.
     0 | D:1      | Reached XP level 1. HP: 13/13 MP: 3/3
    51 | D:1      | Reached skill level 5 in Ice Magic
   273 | D:1      | Reached XP level 2. HP: 19/19 MP: 3/5
   881 | D:2      | Reached XP level 3. HP: 24/24 MP: 2/6
   891 | D:2      | Learned a level 3 spell: Frozen Ramparts
   895 | D:2      | Learned a level 3 spell: Ozocubu's Armour
  1449 | D:2      | Reached XP level 4. HP: 25/30 MP: 4/8
  1709 | D:2      | Reached skill level 6 in Ice Magic
  1978 | D:2      | Reached XP level 5. HP: 35/35 MP: 7/9
  2866 | D:3      | Reached skill level 1 in Slings
  3168 | D:3      | Found an ancient bone altar of Kikubaaqudgha.
  3215 | D:3      | Reached XP level 6. HP: 42/42 MP: 4/11
  3219 | D:3      | Reached skill level 1 in Short Blades
  3313 | D:3      | Found a bloodstained altar of Trog.
  4500 | D:4      | Noticed Eustachio
  4515 | D:4      | Killed Eustachio
  4516 | D:4      | Reached skill level 1 in Fighting
  4516 | D:4      | Reached XP level 7. HP: 35/48 MP: 1/13
  4617 | D:4      | Found an ornate altar of the Wu Jian Council.
  4793 | D:5      | Entered Level 5 of the Dungeon
  4811 | D:5      | Reached skill level 7 in Ice Magic
  5537 | D:5      | Found a sparkling altar of Nemelex Xobeh.
  6538 | D:6      | Reached XP level 8. HP: 55/55 MP: 7/15
  6542 | D:6      | Reached skill level 5 in Spellcasting
  6964 | D:6      | Reached skill level 1 in Shields
  6964 | D:6      | Reached skill level 8 in Ice Magic
  7130 | D:6      | Found a staircase to the Ecumenical Temple.
  7162 | Temple   | Entered the Ecumenical Temple
  7171 | Temple   | Became a worshipper of Vehumet
  7233 | D:6      | Found a white marble altar of Elyvilon.
  7793 | D:7      | Reached skill level 1 in Long Blades
  8166 | D:7      | Found an iron altar of Okawaru.
  8235 | D:7      | Reached XP level 9. HP: 57/62 MP: 6/18
  8369 | D:7      | Reached * piety under Vehumet
  8369 | D:7      | Offered knowledge of Magic Dart by Vehumet.
  8460 | D:7      | Found a burning altar of Makhleb.
  8516 | D:7      | Reached skill level 9 in Ice Magic
  9106 | D:8      | Found a sacrificial altar of Ru.
  9170 | D:8      | Found Orroov's Gadget Shoppe.
  9234 | D:8      | Learned a level 4 spell: Hailstorm
  9345 | D:8      | Found a hide-covered altar of Uskayaw.
  9369 | D:8      | Reached skill level 1 in Throwing
  9710 | D:8      | Found Furadat's Armour Emporium.
  9751 | D:8      | Bought a +0 pair of boots for 72 gold pieces
  9756 | D:8      | Found Egrung's Antique Weapon Emporium.
  9770 | D:8      | Found Fen Fuc's Assorted Antiques.
  9785 | D:8      | Reached skill level 10 in Ice Magic
  9974 | D:8      | Bought an emerald potion for 26 gold pieces
  9974 | D:8      | Bought an inky potion for 26 gold pieces
 10141 | D:8      | Found Rudinlir's Armour Boutique.
 10667 | D:9      | Noticed a deep elf archer
 10668 | D:9      | Noticed Eryximachus's ghost (amateur DsWz)
 10699 | D:9      | Noticed Psyche
 10739 | D:9      | Found a staircase to the Orcish Mines.
 10894 | Orc:1    | Entered Level 1 of the Orcish Mines
 10894 | Orc:1    | Noticed a troll
 10984 | D:9      | Found a runed translucent gate.
 10984 | D:9      | Found a runed translucent gate.
 10984 | D:9      | Found a runed translucent gate.
 11057 | D:9      | Killed Psyche
 11058 | D:9      | Reached XP level 10. HP: 62/70 MP: 11/21
 11370 | D:10     | Entered Level 10 of the Dungeon
 11836 | D:10     | Reached ** piety under Vehumet
 11948 | D:10     | Offered knowledge of Searing Ray by Vehumet.
 12083 | D:10     | Reached skill level 11 in Ice Magic
 12224 | D:10     | Noticed Nergalle
 12231 | D:10     | Killed Nergalle
 12233 | D:10     | Noticed a cyan ugly thing
 12254 | D:10     | You fall into a shaft and drop 1 floor!
 12254 | D:11     | Found a gate leading to a gauntlet.
 12262 | D:11     | Noticed a two-headed ogre
 12273 | D:11     | Killed a two-headed ogre
 12274 | D:11     | Reached skill level 5 in Long Blades
 12276 | D:11     | Reached skill level 1 in Evocations
 12284 | D:11     | Reached XP level 11. HP: 18/75 MP: 4/24
 12591 | D:11     | Offered knowledge of Conjure Flame by Vehumet.
 12747 | D:11     | Reached *** piety under Vehumet
 12770 | D:11     | Reached skill level 5 in Dodging
 13058 | D:11     | Found a roughly hewn altar of Beogh.
 13166 | D:11     | Killed an unseen horror
 13167 | D:11     | Reached skill level 12 in Ice Magic
 13399 | D:11     | Noticed a cyan ugly thing
 13399 | D:11     | Noticed a purple ugly thing
 13617 | D:11     | Got a twisted robe
 13635 | D:11     | Identified the +1 robe of Cecrecs {Str+4} (You found it on
                  | level 11 of the Dungeon)
 13683 | D:11     | Found a portal to a secret trove of treasure.
 13692 | D:11     | Offered knowledge of Stone Arrow by Vehumet.
 14158 | D:11     | Killed a purple ugly thing
 14164 | D:11     | Killed a purple ugly thing
 14211 | D:11     | Found a staircase to the Lair.
 14866 | D:12     | Killed an unseen horror
 14867 | D:12     | Reached skill level 10 in Spellcasting
 14971 | D:12     | Reached **** piety under Vehumet
 15028 | D:12     | Learned a level 3 spell: Stone Arrow
 15283 | D:12     | Noticed a centaur warrior
 15301 | D:12     | Killed a centaur warrior
 15302 | D:12     | Reached skill level 1 in Conjurations
 15302 | D:12     | Reached skill level 1 in Earth Magic
 15302 | D:12     | Reached XP level 12. HP: 66/84 MP: 3/26
 15566 | D:12     | Offered knowledge of Sticky Flame by Vehumet.
 15603 | D:12     | Learned a level 4 spell: Sticky Flame
 15945 | D:12     | Reached skill level 5 in Fighting
 16593 | D:12     | Reached skill level 13 in Ice Magic
 16981 | D:13     | Noticed a vault guard
 16982 | D:13     | Noticed a vault guard
 17002 | D:12     | Slain by a skeletal warrior

Illustrated notes

Levels and vault maps discovered:
D:1:      roderic_crossed_star, layout_rooms
D:2:      layout_basic, minmay_heptomino_w4
D:3:      wad_pebble_path, layout_basic, lightli_temple_of_fire,
          kiku_gazebo_garden_becter, hangedman_decor_growths
D:4:      layout_loops_ring, nzn_wu_jian_council_hall, uniq_eustachio
D:5:      layout_layer_cave, nemelex_diamond_rough_becter
D:6:      layout_basic, kennysheep_mini_moat, minmay_temple_entry_large_hall
D:7:      layout_rooms, marbit_many_paths, okawaru_gym_becter
D:8:      layout_basic, lemuel_round_altar, old_standard_altar, serial_shops,
          nicolae_shop_waterfront, shop_fountains, shop, shop, shop,
          minmay_starry_boxes
D:9:      layout_loops_cross, cheibrodos_ashenzari_chains, orc_0_dummy,
          gammafunk_ghost_split, nicolae_wwwww, uniq_psyche
D:10:     layout_roguey, minmay_holes, uniq_nergalle
D:11:     minmay_angry_zag, layout_gridville, erik_lair_orcish_takeover,
          nicolae_trove_entry_diagonal, special_room [special_room_orc],
          gauntlet_entry_generic
D:12:     layout_long_grid
D:13:     layout_big_octagon, lightli_vaults_fourway_checkpoint
Temple:   cyrus_circular_temple
Orc:1:    layout_caves, bh_open_orc_temple

Skill      XL: |  1  2  3  4  5  6  7  8  9 10 11 12 |
---------------+-------------------------------------+-----
Ice Magic      | 5 6 7 8 10 11 12 13 | 13.1
Spellcasting   | 3 4 6 7 9 10 | 10.5
Stealth        | 2 3 |  3.6
Slings         | 1 2 3 4 |  4.9
Short Blades   | 1 2 3 |  3.1
Fighting       | 1 2 3 4 5 |  5.1
Dodging        | 3 4 5 |  5.3
Shields        | 1 3 |  3.5
Long Blades    | 2 3 5 7 |  7.4
Throwing       | 1 2 4 |  4.4
Evocations     | 1 |  1.8
Conjurations   | 1 |  1.3
Earth Magic    | 1 2 |  2.3

Action                   |  1- 3 |  4- 6 |  7- 9 | 10-12 || total
-------------------------+-------+-------+-------+-------++-------
Melee: Short sword       |    17 |    19 |       |       ||    36
       Rapier            |       |       |    51 |       ||    51
       Falchion          |       |       |    73 |       ||    73
       Scimitar          |       |       |    12 |   168 ||   180
       Dagger            |       |       |       |     8 ||     8
 Fire: Hunting sling     |       |    83 |    49 |    11 ||   143
Throw: Stone             |       |    12 |     1 |     2 ||    15
       Dart              |       |     4 |    17 |    81 ||   102
       Boomerang         |       |       |       |    14 ||    14
 Cast: Freeze            |    27 |    36 |    27 |    23 ||   113
       Frozen Ramparts   |     6 |     7 |    43 |    45 ||   101
       Ozocubu's Armour  |       |     6 |    40 |    43 ||    89
       Hailstorm         |       |       |     3 |    23 ||    26
       Stone Arrow       |       |       |       |    23 ||    23
 Abil: Hop               |       |       |     5 |     9 ||    14
Evoke: Wand              |       |       |       |    11 ||    11
  Use: Scroll            |       |    11 |    10 |     5 ||    26
       Potion            |       |     4 |     9 |     2 ||    15
 Stab: Sleeping          |       |     1 |     2 |       ||     3
Armor: Robe              |    19 |    10 |    47 |    69 ||   145
Dodge: Dodged            |    33 |    37 |   117 |   161 ||   348
Block: Other             |       |    11 |    42 |    66 ||   119
       Reflection        |       |     1 |     3 |     5 ||     9
       Rpst.: Falchion   |       |       |    13 |       ||    13
       Scimitar          |       |       |     4 |    42 ||    46
